TOP OF THE 1ST |
Monroe Mallards batting - Pitching for Roy Eagle Squadron : LHP Júlio Pérez
|
Pitching: LHP Júlio Pérez
|
|
Batting: RHB Rafael Rivera
|
0-0: Ground out 5-3 (Groundball, 56)
|
Batting: RHB Benito Bo
|
0-0: Ball 1-0: Ball 2-0: Fly out, F7 (Flyball, 7LSF)
|
Batting: LHB Lino Baena
|
0-0: Swinging Strike 0-1: Called Strike 0-2: Strikes out looking
|
Top of the 1st over - 0 runs, 0 hits, 0 errors, 0 left on base; Monroe 0 - Roy 0 |
BOTTOM OF THE 1ST |
Roy Eagle Squadron batting - Pitching for Monroe Mallards : RHP David Alomar
|
Pitching: RHP David Alomar
|
|
Batting: LHB Octávio Otero
|
0-0: Foul Ball, location: 2F 0-1: SINGLE (Groundball, 4MD)
|
Batting: RHB Juan Bruno
|
0-0: Called Strike 0-1: Foul Ball, location: 2F 0-2: Ball 1-2: Ball 2-2: Ball 3-2: SINGLE (Flyball, 89S) Octávio Otero to second Octávio Otero to third
|
Batting: LHB Pedro Camacho
|
0-0: Called Strike 0-1: Grounds into double play, 4-6-3 (Groundball, 4) Octávio Otero scores
|
Batting: LHB Quinn Webb
|
0-0: Called Strike 0-1: Called Strike 0-2: Fly out, F4 (Popup, 4M)
|
Bottom of the 1st over - 1 run, 2 hits, 0 errors, 0 left on base; Monroe 0 - Roy 1 |
TOP OF THE 2ND |
Monroe Mallards batting - Pitching for Roy Eagle Squadron : LHP Júlio Pérez
|
Batting: RHB Cisco López
|
0-0: Ball 1-0: Fly out, F9 (Flyball, 9LM)
|
Batting: LHB Frank Byrd
|
0-0: Called Strike 0-1: Swinging Strike 0-2: Ball 1-2: Foul Ball, location: 2F 1-2: Foul Ball, location: 2F 1-2: Ball 2-2: Strikes out swinging
|
Batting: LHB Ramón Ortega
|
0-0: Fly out, F7 (Flyball, 78M)
|
Top of the 2nd over - 0 runs, 0 hits, 0 errors, 0 left on base; Monroe 0 - Roy 1 |
BOTTOM OF THE 2ND |
Roy Eagle Squadron batting - Pitching for Monroe Mallards : RHP David Alomar
|
Batting: RHB Carl Curry
|
0-0: Foul Ball, location: 2F 0-1: Swinging Strike 0-2: Ground out 4-3 (Groundball, 4)
|
Batting: LHB Robinson González
|
0-0: Swinging Strike 0-1: Swinging Strike 0-2: Fly out, F8 (Flyball, 8RS)
|
Batting: RHB Jeff Lawrence
|
0-0: Ball 1-0: Foul Ball, location: 2F 1-1: Ball 2-1: Ball 3-1: Swinging Strike 3-2: Foul Ball, location: 2F 3-2: Fly out, F8 (Flyball, 89M)
|
Bottom of the 2nd over - 0 runs, 0 hits, 0 errors, 0 left on base; Monroe 0 - Roy 1 |
TOP OF THE 3RD |
Monroe Mallards batting - Pitching for Roy Eagle Squadron : LHP Júlio Pérez
|
Batting: RHB Jorge Vázquez
|
0-0: Swinging Strike 0-1: Ball 1-1: Called Strike 1-2: Strikes out looking
|
Batting: LHB Roland Nelson
|
0-0: Called Strike 0-1: Ball 1-1: Ball 2-1: Foul Ball, location: 2F 2-2: Ball 3-2: Strikes out swinging
|
Batting: RHB Héctor Vega
|
0-0: Ball 1-0: Foul Ball, location: 2F 1-1: Foul Ball, location: 2F 1-2: Ground out 5-3 (Groundball, 5)
|
Top of the 3rd over - 0 runs, 0 hits, 0 errors, 0 left on base; Monroe 0 - Roy 1 |
BOTTOM OF THE 3RD |
Roy Eagle Squadron batting - Pitching for Monroe Mallards : RHP David Alomar
|
Batting: SHB Troy Holland
|
0-0: Foul Ball, location: 2F 0-1: Ball 1-1: Ball 2-1: Ground out 3-1 (Groundball, 34D)
|
Batting: SHB Dwight Hill
|
0-0: Foul Ball, location: 2F 0-1: Ball 1-1: Ball 2-1: Swinging Strike 2-2: Strikes out swinging
|
Batting: LHB Octávio Otero
|
0-0: Ball 1-0: Ball 2-0: Ball 3-0: Base on Balls
|
Batting: RHB Juan Bruno
|
0-0: Called Strike 0-1: Foul Ball, location: 2F 0-2: Ball 1-2: Ball Throwing error on steal attempt, E2 Octávio Otero to third 2-2: Ball 3-2: Base on Balls
|
Batting: LHB Pedro Camacho
|
0-0: Ball 1-0: DOUBLE (Line Drive, 9D) Octávio Otero scores Juan Bruno to third Runner from 3rd tries for Home, SAFE, no throw
|
Batting: LHB Quinn Webb
|
0-0: Foul Ball, location: 2F 0-1: Swinging Strike 0-2: Ball 1-2: Ball 2-2: SINGLE (Line Drive, 9S) Pedro Camacho to third Runner from 3rd tries for Home, throw and OUT!
|
Bottom of the 3rd over - 2 runs, 2 hits, 1 error, 1 left on base; Monroe 0 - Roy 3 |
TOP OF THE 4TH |
Monroe Mallards batting - Pitching for Roy Eagle Squadron : LHP Júlio Pérez
|
Batting: RHB Rafael Rivera
|
0-0: Swinging Strike 0-1: Called Strike 0-2: Ball 1-2: Foul Ball, location: 2F 1-2: Ball 2-2: Strikes out looking
|
Batting: RHB Benito Bo
|
0-0: TRIPLE (Flyball, 89XD)
|
Batting: LHB Lino Baena
|
0-0: Swinging Strike 0-1: Swinging Strike 0-2: Ball 1-2: Fly out, F7 (Flyball, 78M) Runner from 3rd tags up, SCORES, throw made
|
Batting: RHB Cisco López
|
0-0: Ball 1-0: Ball 2-0: Ball 3-0: Base on Balls
|
Batting: LHB Frank Byrd
|
0-0: Fly out, F9 (Flyball, 9D)
|
Top of the 4th over - 1 run, 1 hit, 0 errors, 1 left on base; Monroe 1 - Roy 3 |
BOTTOM OF THE 4TH |
Roy Eagle Squadron batting - Pitching for Monroe Mallards : RHP David Alomar
|
Batting: RHB Carl Curry
|
0-0: Ball 1-0: Ball 2-0: Foul Ball, location: 2F 2-1: SINGLE (Flyball, 34D)
|
Batting: LHB Robinson González
|
0-0: Ball 1-0: Ball 2-0: Fly out, F8 (Flyball, 8RS)
|
Batting: RHB Jeff Lawrence
|
0-0: Ball 1-0: Ball Carl Curry steals 2nd base 2-0: Foul Ball, location: 2F 2-1: Foul Ball, location: 2F 2-2: Fly out, F3 (Popup, 3S)
|
Batting: SHB Troy Holland
|
0-0: Ball 1-0: Ground out 4-3 (Groundball, 4)
|
Bottom of the 4th over - 0 runs, 1 hit, 0 errors, 1 left on base; Monroe 1 - Roy 3 |
TOP OF THE 5TH |
Monroe Mallards batting - Pitching for Roy Eagle Squadron : LHP Júlio Pérez
|
Batting: LHB Ramón Ortega
|
0-0: Called Strike 0-1: DOUBLE (Line Drive, 7LM)
|
Batting: RHB Jorge Vázquez
|
0-0: SINGLE (Line Drive, 8RS) Ramón Ortega to third
|
Batting: LHB Roland Nelson
|
0-0: Ball 1-0: DOUBLE (Flyball, 9LM) Ramón Ortega scores Jorge Vázquez to third
|
Batting: RHB Héctor Vega
|
0-0: Ball 1-0: Foul Ball, location: 2F 1-1: Foul Ball, location: 2F 1-2: Ball 2-2: Foul Ball, location: 2F 2-2: Ball 3-2: Ground out 5-3 (Groundball, 56)
|
Batting: RHB Rafael Rivera
|
0-0: Called Strike 0-1: Foul Ball, location: 2F 0-2: Ball 1-2: Foul Ball, location: 2F 1-2: Strikes out swinging
|
Batting: RHB Benito Bo
|
0-0: Ball 1-0: Ball 2-0: SINGLE (Line Drive, 4MD) Jorge Vázquez scores Roland Nelson to third Runner from 3rd tries for Home, SAFE, no throw
|
Batting: LHB Lino Baena
|
0-0: Ball 1-0: Ball 2-0: Fly out, F9 (Line Drive, 9)
|
Top of the 5th over - 3 runs, 4 hits, 0 errors, 1 left on base; Monroe 4 - Roy 3 |
BOTTOM OF THE 5TH |
Roy Eagle Squadron batting - Pitching for Monroe Mallards : RHP David Alomar
|
Batting: SHB Dwight Hill
|
0-0: Ball 1-0: Foul Ball, location: 2F 1-1: Ball 2-1: Foul Ball, location: 2F 2-2: Foul Ball, location: 2F 2-2: Ball 3-2: Fly out, F9 (Flyball, 9D)
|
Batting: LHB Octávio Otero
|
0-0: Ball 1-0: Ball 2-0: Ball 3-0: Base on Balls
|
Batting: RHB Juan Bruno
|
0-0: Ball 1-0: Fly out, F8 (Flyball, 8RD)
|
Batting: LHB Pedro Camacho
|
0-0: Ball Octávio Otero is caught stealing 2nd base
|
Bottom of the 5th over - 0 runs, 0 hits, 0 errors, 0 left on base; Monroe 4 - Roy 3 |
TOP OF THE 6TH |
Monroe Mallards batting - Pitching for Roy Eagle Squadron : LHP Júlio Pérez
|
Batting: RHB Cisco López
|
0-0: Ball 1-0: Called Strike 1-1: Foul Ball, location: 2F 1-2: Ball 2-2: Foul Ball, location: 2F 2-2: Foul Ball, location: 2F 2-2: Fly out, F6 (Line Drive, 56D)
|
Batting: LHB Frank Byrd
|
0-0: SINGLE (Groundball, 4MD)
|
Batting: LHB Ramón Ortega
|
0-0: Ball 1-0: Called Strike 1-1: Foul Ball, location: 2F 1-2: Strikes out looking
|
Batting: RHB Jorge Vázquez
|
0-0: Ball 1-0: Ground out U3 (Groundball, 23)
|
Top of the 6th over - 0 runs, 1 hit, 0 errors, 1 left on base; Monroe 4 - Roy 3 |
BOTTOM OF THE 6TH |
Roy Eagle Squadron batting - Pitching for Monroe Mallards : RHP David Alomar
|
Batting: LHB Pedro Camacho
|
0-0: Foul Ball, location: 2F 0-1: Foul Ball, location: 2F 0-2: Ball 1-2: Foul Ball, location: 2F 1-2: SINGLE (Line Drive, 34D)
|
Pitching: LHP Roberto Mercado
|
|
Batting: LHB Quinn Webb
|
0-0: Called Strike 0-1: Ball 1-1: Foul Ball, location: 2F 1-2: Ball 2-2: Foul Ball, location: 2F 2-2: Foul Ball, location: 2F 2-2: SINGLE (Groundball, 4D) Pedro Camacho to second Runner from 2nd tries for 3rd, SAFE, no throw
|
Batting: RHB Carl Curry
|
0-0: Foul Ball, location: 2F 0-1: Ball 1-1: Fielders Choice at 2nd, 1-4 (Groundball, 15)
|
Batting: LHB Robinson González
|
0-0: Called Strike Carl Curry steals 2nd base 0-1: Ball 1-1: Foul Ball, location: 2F 1-2: Ball 2-2: Strikes out looking
|
Batting: RHB Jeff Lawrence
|
0-0: Ball 1-0: Swinging Strike 1-1: Ball 2-1: Ground out 1-3 (Groundball, P)
|
Bottom of the 6th over - 0 runs, 2 hits, 0 errors, 2 left on base; Monroe 4 - Roy 3 |
TOP OF THE 7TH |
Monroe Mallards batting - Pitching for Roy Eagle Squadron : LHP Júlio Pérez
|
Batting: LHB Roland Nelson
|
0-0: Ball 1-0: Foul Ball, location: 2F 1-1: SOLO HOME RUN (Flyball, 9LD), Distance : 344 ft
|
Pitching: LHP Júlio Ariza
|
|
Batting: RHB Héctor Vega
|
0-0: Ball 1-0: Ball 2-0: Called Strike 2-1: Called Strike 2-2: Foul Ball, location: 2F 2-2: Strikes out swinging
|
Batting: RHB Rafael Rivera
|
0-0: Fly out, F3 (Line Drive, 3)
|
Batting: RHB Benito Bo
|
0-0: Ball 1-0: Called Strike 1-1: Called Strike 1-2: Ball 2-2: Strikes out swinging
|
Top of the 7th over - 1 run, 1 hit, 0 errors, 0 left on base; Monroe 5 - Roy 3 |
BOTTOM OF THE 7TH |
Roy Eagle Squadron batting - Pitching for Monroe Mallards : LHP Roberto Mercado
|
Batting: SHB Troy Holland
|
0-0: Ball 1-0: Ground out 5-3 (Groundball, 56)
|
Batting: SHB Dwight Hill
|
0-0: Ball 1-0: Foul Ball, location: 2F 1-1: Ball 2-1: DOUBLE (Line Drive, 78D)
|
Batting: LHB Octávio Otero
|
0-0: Ball 1-0: Ball 2-0: Called Strike 2-1: Ball 3-1: Fly out, F5 (Popup, 6S)
|
Batting: RHB Juan Bruno
|
0-0: Foul Ball, location: 2F 0-1: Swinging Strike 0-2: Ball 1-2: Foul Ball, location: 2F 1-2: Ground out 6-3 (Groundball, 6)
|
Bottom of the 7th over - 0 runs, 1 hit, 0 errors, 1 left on base; Monroe 5 - Roy 3 |
TOP OF THE 8TH |
Monroe Mallards batting - Pitching for Roy Eagle Squadron : LHP Júlio Ariza
|
Batting: LHB Lino Baena
|
0-0: Called Strike 0-1: Called Strike 0-2: Foul Ball, location: 2F 0-2: Foul Ball, location: 2F 0-2: Ball 1-2: Strikes out swinging
|
Batting: RHB Cisco López
|
0-0: Ball 1-0: Ball 2-0: Hit by Pitch
|
Batting: LHB Frank Byrd
|
0-0: Called Strike 0-1: Foul Ball, location: 2F 0-2: Ball 1-2: Ball 2-2: Ball 3-2: Grounds into double play, 4-6-3 (Groundball, 4)
|
Top of the 8th over - 0 runs, 0 hits, 0 errors, 0 left on base; Monroe 5 - Roy 3 |
BOTTOM OF THE 8TH |
Roy Eagle Squadron batting - Pitching for Monroe Mallards : LHP Roberto Mercado
|
Batting: LHB Pedro Camacho
|
0-0: Called Strike 0-1: Foul Ball, location: 2F 0-2: Foul Ball, location: 2F 0-2: Ball 1-2: Reached on error, E4 (Groundball, 4)
|
Batting: LHB Quinn Webb
|
0-0: Ball 1-0: Foul Ball, location: 2F 1-1: Ball 2-1: Fly out, F8 (Flyball, 8LM)
|
Batting: RHB Carl Curry
|
0-0: Ball 1-0: Called Strike 1-1: Ball 2-1: Fielders Choice at 2nd, 6-4 (Groundball, 6)
|
Batting: LHB Robinson González
|
0-0: Ball 1-0: Ball 2-0: Fielders Choice at 2nd, 5-4 (Groundball, 56)
|
Bottom of the 8th over - 0 runs, 0 hits, 1 error, 1 left on base; Monroe 5 - Roy 3 |
TOP OF THE 9TH |
Monroe Mallards batting - Pitching for Roy Eagle Squadron : LHP Júlio Ariza
|
Batting: LHB Ramón Ortega
|
0-0: Foul Ball, location: 2F 0-1: SINGLE (Flyball, 7LM)
|
Batting: RHB Jorge Vázquez
|
0-0: Bunted foul 0-1: Bunted foul 0-2: Ball 1-2: Grounds into double play, 1-4-3 (Groundball, 15)
|
Batting: LHB Roland Nelson
|
0-0: Ball 1-0: Ball 2-0: Ball 3-0: Base on Balls
|
Batting: RHB Héctor Vega
|
0-0: Ball 1-0: Ground out 5-3 (Groundball, 56S)
|
Top of the 9th over - 0 runs, 1 hit, 0 errors, 1 left on base; Monroe 5 - Roy 3 |
BOTTOM OF THE 9TH |
Roy Eagle Squadron batting - Pitching for Monroe Mallards : LHP Roberto Mercado
|
Batting: RHB Jeff Lawrence
|
0-0: Ball 1-0: Ball 2-0: Swinging Strike 2-1: Called Strike 2-2: Ground out 5-3 (Groundball, 56)
|
Batting: SHB Troy Holland
|
0-0: Swinging Strike 0-1: Ball 1-1: Ground out 6-3 (Groundball, 6)
|
Batting: SHB Dwight Hill
|
0-0: Ball 1-0: Ball 2-0: Called Strike 2-1: Swinging Strike 2-2: Ground out 4-3 (Groundball, 34)
|
Bottom of the 9th over - 0 runs, 0 hits, 0 errors, 0 left on base; Monroe 5 - Roy 3 |
|